 Dungeon Crawl Stone Soup version 0.25-a0-731-g0472a16d6a (webtiles) character file.

Game seed: 16284798990683789476, levelgen mode: deterministic

286 Iflex the Poker (level 6, 0/48 HPs)
             Began as a Merfolk Gladiator on Apr 8, 2020.
             Slain by a sky beast (5 damage)
             ... on level 5 of the Dungeon.
             The game lasted 00:16:53 (3967 turns).

Iflex the Poker (Merfolk Gladiator)                 Turns: 3967, Time: 00:16:54

Health: 0/48       AC:  5    Str: 14    XL:     6   Next: 30%
Magic:  6/6        EV: 14    Int:  7    God:
Gold:   33         SH:  0    Dex: 18    Spells: 5/5 levels left

rFire    + . .     SeeInvis .   a - +0 trident
rCold    x . .     Gourm    .   (no shield)
rNeg     . . .     Faith    .   b - +0 leather armour
rPois    .         Spirit   .   c - +0 helmet
rElec    .         Reflect  .   (no cloak)
rCorr    .         Harm     .   g - +0 pair of gloves (curse)
MR       .....                  (no boots)
Stlth    ++........             (no amulet)
HPRegen  0.16/turn              k - ring of fire
MPRegen  0.10/turn              (no ring)

@: heavily drained
A: change form in water, swift swim, stealthy swim
a: no special abilities


You were on level 5 of the Dungeon.
You were hungry.

You visited 1 branch of the dungeon, and saw 5 of its levels.

You collected 105 gold pieces.
You spent 72 gold pieces at shops.

Inventory:

Hand Weapons
 a - a +0 trident (weapon)
 e - a +0 scythe
Armour
 b - a +0 leather armour (worn)
 c - a +0 helmet (worn)
 g - a cursed +0 pair of gloves (worn)
Jewellery
 j - an uncursed amulet of harm
 k - a ring of fire (left hand)
Scrolls
 h - 2 scrolls of teleportation
 n - a scroll of remove curse
 o - 2 scrolls of identify
Potions
 i - a potion of lignification
Comestibles
 f - 4 rations


   Skills:
 + Level 4.2(2.5) Fighting
 * Level 5.7(3.9) Polearms
 + Level 2.6(1.0) Throwing
 + Level 1.4(0.0) Armour
 * Level 5.3(3.5) Dodging
 + Level 2.0(0.4) Stealth


You had 5 spell levels left.
You didn't know any spells.
Your spell library was empty.

Dungeon Overview and Level Annotations

Branches:
Dungeon (5/15)
 Temple: D:4-7

Altars:

Shops:
D:4 *

Annotations:
D:4 Dowan, Duvessa


Message History

The sky beast flickers out of sight!
Deactivating autopickup; reactivate with Ctrl-A.
Something hits you. Something shocks you.
Something hits you but does no damage.
You hit something but do no damage. Something barely misses you.
You closely miss something. Something hits you but does no damage.
You closely miss something. Something hits you. Something shocks you.
You closely miss something. Something hits you.
* * * LOW HITPOINT WARNING * * *
Something shocks you.
* * * LOW HITPOINT WARNING * * *
You barely miss something.
A sky beast appears from thin air!
Reactivating autopickup.
The sky beast closely misses you.
You hit the sky beast.
The sky beast is almost dead.
The sky beast hits you.
* * * LOW HITPOINT WARNING * * *
The sky beast shocks you.
You die...

#...........................#
##..####..####........##...##
#+#####..####...#######...##
#............# #.....#
#(...........# #.....#
#............# #.....#
#............# ##...##
#............######....#
#....##...@ยง...........#
#....#####Y####^####...#
......##....# #...#
........+....# #...#
........#(...# #..## .......
#....^ ^..# #....# #..#
#....# #....#


You could see a sky beast.

Vanquished Creatures
  A scorpion (D:4)
  A hound (D:3)
  An iguana (D:4)
  2 worker ants
  3 gnolls
  3 adders
  2 oozes
  2 worms (D:2)
  A dart slug (D:3)
  4 leopard geckos
  An orc (D:3)
  4 bats
  3 giant cockroaches
  6 hobgoblins
  2 jackals (D:3)
  5 kobolds
  2 quokkas
  5 frilled lizards
  9 goblins
  2 rats
59 creatures vanquished.

Notes
Turn   | Place    | Note
-------+----------+-------------------------------------------
     0 | D:1      | Iflex the Merfolk Gladiator began the quest for the Orb.
     0 | D:1      | Reached XP level 1. HP: 16/16 MP: 1/1
   203 | D:1      | Reached XP level 2. HP: 23/23 MP: 2/2
   934 | D:2      | Reached XP level 3. HP: 29/29 MP: 3/3
  1957 | D:1      | Reached XP level 4. HP: 23/37 MP: 4/4
  2093 | D:2      | Reached skill level 1 in Armour
  2393 | D:3      | Reached skill level 1 in Stealth
  2538 | D:3      | Noticed an ogre
  2628 | D:3      | You fall into a shaft and drop 2 floors!
  2628 | D:5      | Entered Level 5 of the Dungeon
  2729 | D:4      | Noticed Dowan
  2730 | D:4      | Noticed Duvessa
  2744 | D:3      | Reached XP level 5. HP: 28/42 MP: 5/5
  2875 | D:3      | Reached skill level 5 in Polearms
  3525 | D:4      | Found Yqikeob's Assorted Antiques.
  3539 | D:4      | Reached skill level 5 in Dodging
  3549 | D:4      | Bought a scroll of teleportation for 72 gold pieces
  3609 | D:4      | HP: 1/42 [scorpion (8)]
  3617 | D:4      | Reached XP level 6. HP: 15/48 MP: 6/6
  3946 | D:5      | Noticed a sky beast
  3967 | D:5      | Slain by a sky beast

Levels and vault maps discovered:
D:1:      ncdulo_watergridlock, layout_loops_ring
D:2:      layout_rooms, chequers_jeans
D:3:      layout_basic, hangedman_decor_growths
D:4:      layout_loops_ring, serial_shops, nicolae_shop_statue_plus,
          first_ration, uniq_menkaure, uniq_duvessa
D:5:      gammafunk_steamed_eel, layout_gridville, kennysheep_vampire_church,
          nicolae_ru_path_of_blood, lemuel_tele_altar, uniq_grinder

Skill      XL: |  1  2  3  4  5  6 |
---------------+-------------------+-----
Fighting       | 3 4 |  4.2
Armour         | 1 |  1.4
Stealth        | 1 2 |  2.0
Polearms       | 5 |  5.7
Dodging        | 5 |  5.3
Throwing       | |  2.6

Action                   |  1- 3 |  4- 6 || total
-------------------------+-------+-------++-------
Melee: Trident           |   131 |   154 ||   285
Throw: Throwing net      |       |     3 ||     3
  Use: Scroll            |     2 |     5 ||     7
       Potion            |     2 |     2 ||     4
 Stab: Sleeping          |     3 |     2 ||     5
       Held in net/web   |       |     1 ||     1
  Eat: Chunk             |     3 |     6 ||     9
Armor: Leather armour    |    23 |    40 ||    63
Dodge: Dodged            |    92 |   118 ||   210

Table legend:
 A = Non-vault XP
 B = Vault XP
 C = Vault XP percentage of total XP
 D = Non-vault monster count
 E = Vault monster count
 F = Vault count percentage of total count
                 A         B        C        D         E       F
            +---------+---------+-------+---------+---------+-------
      Total |     409 |       0 |   0.0 |      59 |       0 |   0.0
            +---------+---------+-------+---------+---------+-------
        D:1 |      51 |       0 |   0.0 |      19 |       0 |   0.0
        D:2 |      82 |       0 |   0.0 |      16 |       0 |   0.0
        D:3 |     130 |       0 |   0.0 |      19 |       0 |   0.0
        D:4 |     113 |       0 |   0.0 |       4 |       0 |   0.0
        D:5 |      33 |       0 |   0.0 |       1 |       0 |   0.0
            +---------+---------+-------+---------+---------+-------
